 Dungeon Crawl Stone Soup version 0.31.0-32-g396128a36d (webtiles) character file.

Game seed: 15690577830652230723

108123 Peloso the Peltast (level 16, -4/143 (149) HPs)
             Began as a Minotaur Fighter on Apr 7, 2024.
             Was the Champion of Okawaru.
             Slain by a mana viper (14 damage)
             ... led by a naga ritualist
             ... on level 3 of the Lair of Beasts.
             The game lasted 00:58:57 (24579 turns).

Peloso the Peltast (Minotaur Fighter)              Turns: 24579, Time: 00:58:58

HP:   -4/143 (149)  AC: 26    Str: 31    XL:     16   Next: 1%
MP:   0/16          EV: 16    Int: 11    God:    Okawaru [******]
Gold: 804           SH: 18    Dex: 27    Spells: 15/15 levels left

rFire   + . .        a - +9 scimitar "Winahin" {heavy, *Rage rCorr SInv}
rCold   + + .        d - +0 kite shield
rNeg    . . .        Q - +0 plate armour "Deytam" {+Blink rElec rC+ Dex+3}
rPois   +            h - +2 hat {Stlth+}
rElec   +            M - +0 cloak {rF+}
rCorr   +            T - +1 pair of gloves of Wofyeg {rC+ Str+4}
SInv    +            C - +2 pair of boots
Will    +....        s - amulet of guardian spirit Stlth
                     y - ring "Qoketoz" {rPois rCorr Str+4 Int+6 Dex+3}
HPRegen 0.43/turn    k - ring "Vyni" {EV+5 Dex+5}
MPRegen 0.15/turn

%: random rage (20%), guardian spirit
@: on berserk cooldown, slowed, constricted, lightly drained, very slow
A: horns 2, retaliatory headbutt
a: Renounce Religion, Evoke Blink, Heroism, Finesse, Duel, Receive Weapon,
Receive Armour


You were on level 3 of the Lair of Beasts.
You worshipped Okawaru.
Okawaru was exalted by your worship.
You visited 5 branches of the dungeon, and saw 24 of its levels.
You also visited: Volcano.

You collected 2753 gold pieces.
You spent 1949 gold pieces at shops.

Inventory:

Hand Weapons
 a - the +9 scimitar "Winahin" (weapon) {heavy, *Rage rCorr SInv}
   (You bought it in a shop on level 2 of the Orcish Mines)

   SInv:      It lets you see invisible.
   *Rage:     It berserks you when you make melee attacks (+20% chance).
   rCorr:     It protects you from acid and corrosion.
 b - a +0 long sword of flaming
 c - a +2 vampiric scimitar
Armour
 d - a +0 kite shield (worn)
 h - a +2 hat of stealth (worn)
 C - a +2 pair of boots (worn)
 D - the +4 chain mail "Ceit" {Harm *Slow Regen+ Str+5}
   (You bought it in a shop on level 9 of the Dungeon)

   Str+5:     It affects your strength (+5).
   Regen+:    It increases your rate of health regeneration.
   *Slow:     It may slow you when you take damage.
   Harm:      It increases damage dealt and taken.
 M - a +0 cloak of fire resistance (worn)
 Q - the +0 plate armour "Deytam" (worn) {+Blink rElec rC+ Dex+3}
   (You bought it in a shop on level 5 of the Dungeon)

   Dex+3:     It affects your dexterity (+3).
   rC+:       It protects you from cold.
   rElec:     It insulates you from electricity.
   +Blink:    It lets you blink.
 T - the +1 pair of gloves of Wofyeg (worn) {rC+ Str+4}
   (You found it on level 2 of the Lair of Beasts)

   Str+4:     It affects your strength (+4).
   rC+:       It protects you from cold.
Jewellery
 e - a ring of protection from cold
 k - the ring "Vyni" (right hand) {EV+5 Dex+5}
   (You found it on level 5 of the Dungeon)

   [ring of evasion]

   EV+5:      It affects your evasion (+5).
   Dex+5:     It affects your dexterity (+5).
 n - a +6 ring of dexterity
 o - a +6 ring of strength
 s - an amulet of guardian spirit (around neck)
 y - the ring "Qoketoz" (left hand) {rPois rCorr Str+4 Int+6 Dex+3}
   (You found it on level 2 of the Lair of Beasts)

   [ring of intelligence]

   Str+4:     It affects your strength (+4).
   Int+6:     It affects your intelligence (+6).
   Dex+3:     It affects your dexterity (+3).
   rPois:     It protects you from poison rCorr: It protects you from acid and
   corrosion.
 G - a ring of positive energy
 U - a ring of willpower
 V - a ring of resist corrosion
Talismans
 N - a serpent talisman
 O - a dragon-blood talisman
 P - a granite talisman
Wands
 u - a wand of iceblast (18)
 w - a wand of flame (49)
 x - a wand of acid (21)
 I - a wand of mindburst (9)
 X - a wand of paralysis (5)
Scrolls
 f - 4 scrolls of immolation
 l - 4 scrolls of revelation
 p - 5 scrolls of enchant armour
 q - 3 scrolls of amnesia {unknown}
 r - 10 scrolls of teleportation
 v - a scroll of summoning
 E - a scroll of poison
 K - 3 scrolls of fog
 W - 2 scrolls of noise {unknown}
 Z - a scroll of brand weapon
Potions
 g - 2 potions of might
 i - 2 potions of magic
 m - 8 potions of heal wounds
 z - 3 potions of haste
 A - 2 potions of mutation
 B - 6 potions of curing
 F - a potion of invisibility
 J - 2 potions of enlightenment
 L - 2 potions of cancellation
Miscellaneous
 H - a condenser vane


   Skills:
 + Level 15.6 Fighting
 + Level 17.2 Long Blades
 + Level 15.0 Armour
 + Level 7.3 Dodging
 + Level 2.8 Stealth
 + Level 19.8 Shields
 + Level 2.0 Invocations
 + Level 1.3 Evocations


You had 15 spell levels left.
You didn't know any spells.
Your spell library contained the following spells:

 Spells                   Type           Power      Damage    Failure   Level
 Apportation              Tloc           0%         N/A       91%         1
 Kiss of Death            Conj/Necr      0%         2d5       91%         1
 Magic Dart               Conj           0%         1d3       91%         1
 Shock                    Conj/Air       0%         1d3       91%         1
 Sting                    Conj/Alch      0%         1d3       91%         1
 Blink                    Tloc           0%         N/A       97%         2
 Cigotuvi's Dreadful Rot  Necr/Alch/Air  0%         N/A       97%         2
 Ensorcelled Hibernation  Hex/Ice        0%         N/A       97%         2
 Jinxbite                 Hex            0%         N/A       97%         2
 Mercury Vapours          Alch/Air       0%         N/A       97%         2
 Scorch                   Fire           0%         2d5       97%         2
 Sublimation of Blood     Necr           0%         N/A       97%         2
 Confusing Touch          Hex            0%         N/A       100%        3
 Hailstorm                Conj/Ice       0%         3d5       100%        3
 Passwall                 Erth           0%         N/A       100%        3
 Swiftness                Air            0%         N/A       100%        3
 Dispel Undead            Necr           0%         3d6       100%        4
 Flame Wave               Conj/Fire      0%         2d4       100%        4
 Olgreb's Toxic Radiance  Alch           0%         N/A       100%        4
 Alistair's Intoxication  Alch           0%         N/A       100%        5
 Borgnjor's Vile Clutch   Necr/Erth      0%         N/A       100%        5
 Eringya's Noxious Bog    Alch           0%         4d6       100%        6
 Ozocubu's Refrigeration  Ice            0%         4d7       100%        7
 Discord                  Hex            0%         N/A       100%        8
 Ignition                 Fire           0%         3d3       100%        8
 Call Imp                 Summ           Unusable   N/A       N/A         2
 Summon Ice Beast         Ice/Summ       Unusable   N/A       N/A         3
 Martyr's Knell           Necr/Summ      Unusable   N/A       N/A         4
 Death Channel            Necr           Unusable   N/A       N/A         6
 Sculpt Simulacrum        Ice/Alch       Unusable   N/A       N/A         6
 Summon Hydra             Summ           Unusable   N/A       N/A         7

Dungeon Overview and Level Annotations

Branches:
Dungeon (15/15)            Temple (1/1) D:7            Lair (5/5) D:11
 Shoals (0/4) Lair:3        Snake (1/4) Lair:3        Slime (0/5) Lair:5
    Orc (2/2) D:9             Elf (0/3) Orc:2        Vaults (0/5) D:13
 Depths (0/4) D:15        Volcano (visited)

Altars:
Ashenzari
Cheibriados
Dithmenos
Elyvilon
Fedhas
Gozag
Hepliaklqana
Kikubaaqudgha
Makhleb
Nemelex Xobeh
Okawaru
Qazlal
Ru
Sif Muna
Trog
Uskayaw
Vehumet
Wu Jian
Xom
Yredelemnul
Zin
The Shining One
Jiyva

Shops:
D:5 [[[   D:9 [   Orc:2 [(*(

Annotations:
Lair:2 Casa


Innate Abilities, Weirdness & Mutations

You have a pair of horns on your head.
You reflexively headbutt those who attack you in melee.


Message History

* * * LOW HITPOINT WARNING * * *
The mana viper closely misses you. You furiously retaliate!
You headbutt the mana viper!! The black mamba bites you.
* * * LOW HITPOINT WARNING * * *
You escape the anaconda's grasp.
You feel sick. The anaconda attacks as it pursues you!
The anaconda barely misses you.
The anaconda bites you but does no damage.
The naga sharpshooter unwields a +0 shortbow.
The naga sharpshooter wields a +0 scimitar.
The naga sharpshooter hits you but does no damage.
You block the naga sharpshooter's attack.
There is a staircase back to the Lair, spattered with blood here.
Things that are here:
a +0 shortbow; a +0 halberd; a +0 robe You feel a strong urge to attack something.
You feel sick.
You are no longer poisoned.
You block the anaconda's attack. The anaconda barely misses you.
The mana viper misses you.
You climb upwards.
Welcome back to the Lair of Beasts!
You are no longer berserk.
You are exhausted.
You feel yourself slow down.
There is a staircase to the Snake Pit here.
You hit the mana viper. You headbutt the mana viper!
The mana viper is severely wounded.
You block the anaconda's attack.
The anaconda bites you but does no damage.
The mana viper bites you but does no damage.
The mana viper barely misses you. You furiously retaliate!
You headbutt the mana viper! The anaconda grabs you.
You block the anaconda's attack. The anaconda constricts you.
The mana viper bites you!
* * * LOW HITPOINT WARNING * * *
You feel your power leaking away.
The naga sharpshooter unwields a +0 scimitar.
The naga sharpshooter wields a +0 shortbow.
The naga sharpshooter shoots an arrow.
You block the arrow. The mana viper bites you!
You die...

#.#....#P...............
####..##................
#....###...............
##...##................
###....#.#...............
#......P.................
#P.#P....................
#######.S................
#S@................
#SN................
##.................
###P.................
#...........#........
###..#....###.....[..
##.###..# #........
#.##...###........
######.....#P....#


You could see a naga sharpshooter, an anaconda and 2 mana vipers.

Vanquished Creatures
  Rupert (Snake:1)
  Gastronok (Lair:3)
  An orc warlord (Orc:1)
  Nessos (Lair:4)
  2 dire elephants
  An ettin (D:13)
  Erolcha (D:9)
  4 hydras
  Harold (D:9)
  A catoblepas (Lair:5)
  Erica (Orc:1)
  6 centaur warriors
  2 boulder beetles
  3 death yaks (Lair:4)
  A hell hog (Lair:5)
  A shock serpent (Snake:1)
  6 two-headed ogres
  An occultist (D:10)
  An orc high priest (Orc:1)
  2 naga sharpshooters (Snake:1)
  The ghost of pretsel the Grappler, a novice TrSh of Uskayaw (D:7)
  Sonja (Lair:5)
  Urug (Lair:3)
  A hell knight (Volcano)
  2 skysharks
  A sixfirhy (D:9)
  A lindwurm (Lair:4)
  3 deep elf pyromancers
  2 orc knights
  Pikel (D:4)
  9 ugly things
  2 wolf spiders (Lair:5)
  A cyclops (D:10)
  6 orc sorcerers
  2 manticores
  2 salamanders
  A smoke demon (Volcano)
  15 black mambas
  A water nymph (Lair:3)
  27 elephants
  2 kobold blastminers (Orc:2)
  A guardian serpent (Lair:5)
  A torpor snail (Lair:1)
  16 cane toads
  A naga mage (Snake:1)
  2 gargoyles
  A rime drake (D:11)
  An unseen horror (D:10)
  11 komodo dragons
  The ghost of Wertik the Thaumaturge, a novice DENe of Kikubaaqudgha (D:6)
  A tengu conjurer (D:15)
  An unseen horror skeleton (D:7)
  13 polar bears
  8 trolls
  A red devil (Volcano)
  5 hornets
  A wind drake (shapeshifter) (D:15)
  20 blink frogs
  A raiju (Lair:5)
  Prince Ribbit (D:6)
  11 dream sheep
  3 slime creatures (D:15)
  A spriggan (Lair:5)
  48 yaks
  Sigmund (D:3)
  14 wyverns
  4 vampires
  A water elemental (D:11)
  3 basilisks
  5 wraiths
  3 redbacks (Lair:5)
  A vampire mosquito (D:10)
  7 wargs
  Menkaure (D:4)
  2 nagas (Snake:1)
  3 acid dragons
  36 water moccasins
  16 hell hounds
  Duvessa (D:4)
  15 black bears
  28 orc warriors
  2 sky beasts
  A swamp drake (Lair:1)
  8 ice beasts
  4 laughing skulls
  2 ogres
  5 centaurs
  29 wolves
  A phantom (D:4)
  2 kobold brigands (D:9)
  3 gnoll sergeants
  4 scorpions
  13 bullfrogs
  Dowan (D:4)
  5 killer bees (D:8)
  12 electric eels
  3 howler monkeys
  2 centaur zombies (D:7)
  3 bombardier beetles
  4 quasits (D:6)
  23 orc priests
  3 hounds
  4 jellies
  3 iguanas (D:5)
  38 orc wizards
  A centaur simulacrum (D:7)
  A howler monkey zombie (D:7)
  15 gnolls
  28 adders
  A white imp (D:6)
  2 dart slugs
  3 ribbon worms
  68 orcs
  7 endoplasms
  3 giant cockroaches
  9 goblins
  9 hobgoblins
  3 jackals (D:4)
  2 quokkas
  A ball python (D:3)
  6 bats
  20 kobolds
  9 rats
774 creatures vanquished.

Vanquished Creatures (others)
  A naga (Snake:1)
  3 orc wizards
  A gnoll (D:7)
5 creatures vanquished.

Grand Total: 779 creatures vanquished

Notes
Turn   | Place    | Note
-------+----------+-------------------------------------------
     0 | D:1      | Peloso the Minotaur Fighter began the quest for the Orb.
     0 | D:1      | Reached XP level 1. HP: 19/19 MP: 0/0
   143 | D:1      | Reached XP level 2. HP: 24/27 MP: 1/1
  1121 | D:2      | Reached XP level 3. HP: 33/33 MP: 2/2
  1476 | D:2      | Reached XP level 4. HP: 40/40 MP: 3/3
  1692 | D:3      | Noticed Sigmund
  1782 | D:3      | Killed Sigmund
  1783 | D:3      | Reached skill level 5 in Long Blades
  1783 | D:3      | Reached skill level 5 in Armour
  1783 | D:3      | Reached skill level 4 in Shields
  1783 | D:3      | Reached XP level 5. HP: 38/47 MP: 4/4
  1847 | D:3      | Reached XP level 6. HP: 53/53 MP: 5/5
  2053 | D:3      | Found an ornate altar of the Wu Jian Council.
  2870 | D:4      | Reached XP level 7. HP: 58/60 MP: 6/6
  3000 | D:4      | Reached skill level 5 in Fighting
  3061 | D:4      | Noticed Pikel
  3082 | D:4      | Killed Pikel
  3083 | D:4      | Reached XP level 8. HP: 49/69 MP: 7/7
  3154 | D:4      | Noticed Menkaure
  3158 | D:4      | Killed Menkaure
  3159 | D:4      | Reached skill level 5 in Shields
  3174 | D:4      | Found a bloodstained altar of Trog.
  3281 | D:4      | Found an opulent altar of Gozag.
  3290 | D:4      | Noticed Duvessa
  3290 | D:4      | Noticed Dowan
  3316 | D:4      | Killed Duvessa
  3323 | D:4      | HP: 3/70 [poisoned by Dowan]
  3595 | D:4      | Killed Dowan
  4085 | D:5      | Entered Level 5 of the Dungeon
  4135 | D:5      | Found a broken altar of Ashenzari.
  4257 | D:5      | Reached skill level 10 in Long Blades
  4342 | D:5      | Found Paskiloa's Antique Armour Boutique.
  4488 | D:5      | Identified the ring "Vyni" {EV+5 Dex+5}
  4559 | D:5      | Identified the +0 ring mail "Eklyima" {rF++ Dex-2}
  4604 | D:5      | Found Ipagocwu's Antique Armour Emporium.
  4931 | D:5      | Found Yhics's Antique Armour Emporium.
  5068 | D:5      | Reached XP level 9. HP: 59/75 MP: 8/8
  5218 | D:6      | Noticed a two-headed ogre
  5225 | D:6      | Killed a two-headed ogre
  5226 | D:6      | Reached skill level 6 in Shields
  5235 | D:6      | Found a transporter.
  5245 | D:6      | Noticed Wertik's ghost (novice DENe)
  5352 | D:6      | Found a transporter.
  5363 | D:6      | Found a shadowy altar of Dithmenos.
  5906 | D:7      | Found a staircase to the Ecumenical Temple.
  5923 | D:7      | Noticed Prince Ribbit
  5977 | D:6      | Killed Prince Ribbit
  5978 | D:6      | Reached skill level 7 in Shields
  6131 | Temple   | Entered the Ecumenical Temple
  6413 | D:7      | Found a runed translucent gate.
  6413 | D:7      | Found a runed translucent gate.
  6413 | D:7      | Found a runed translucent gate.
  6456 | D:7      | Reached XP level 10. HP: 49/88 MP: 9/9
  6754 | D:7      | Noticed pretsel's ghost (novice TrSh)
  6988 | D:8      | Paralysed by a hornet for 1 turns
  7665 | D:8      | Found a snail-covered altar of Cheibriados.
  8503 | D:9      | Noticed a two-headed ogre
  8533 | D:9      | Killed a two-headed ogre
  8534 | D:9      | Reached skill level 8 in Shields
  8627 | D:9      | Found a staircase to the Orcish Mines.
  8677 | D:9      | Noticed a two-headed ogre
  8691 | D:9      | Killed a two-headed ogre
  8692 | D:9      | Reached skill level 10 in Armour
  8692 | D:9      | Reached skill level 1 in Dodging
  8860 | D:9      | Found a sparkling altar of Nemelex Xobeh.
  8900 | D:9      | Reached skill level 9 in Shields
  9101 | D:9      | Found an iron altar of Okawaru.
  9109 | D:9      | Became a worshipper of Warmaster Okawaru
  9317 | D:9      | Found Nucviwne's Antique Armour Shoppe.
  9323 | D:9      | Found a runed translucent door.
  9323 | D:9      | Noticed a sixfirhy
  9326 | D:9      | Bought a polished chain mail for 285 gold pieces
  9326 | D:9      | Identified the +4 chain mail "Ceit" {Harm *Slow Regen+
                  | Str+5} (You bought it in a shop on level 9 of the Dungeon)
  9476 | D:9      | Found an ancient bone altar of Kikubaaqudgha.
  9706 | D:10     | Entered Level 10 of the Dungeon
  9878 | D:10     | Reached XP level 11. HP: 95/95 MP: 10/10
  9912 | D:10     | Reached skill level 10 in Shields
  9922 | D:10     | Reached * piety under Okawaru
 10099 | D:10     | Found a glowing silver altar of Zin.
 10171 | D:10     | Noticed a skeletal warrior
 10179 | D:10     | Reached skill level 1 in Stealth
 10323 | D:10     | Reached ** piety under Okawaru
 10421 | D:10     | Noticed an occultist
 10434 | D:10     | Killed an occultist
 10572 | D:10     | Noticed a deep elf pyromancer
 10580 | D:10     | Killed a deep elf pyromancer
 10581 | D:10     | Reached skill level 1 in Invocations
 10583 | D:10     | Noticed a brown ugly thing
 10593 | D:10     | Killed a brown ugly thing
 10678 | D:10     | Found a shimmering altar of Xom.
 10878 | D:11     | Noticed a centaur warrior
 10889 | D:11     | Killed a centaur warrior
 10890 | D:11     | Reached skill level 11 in Shields
 10963 | D:11     | Reached *** piety under Okawaru
 11078 | D:11     | Found a staircase to the Lair.
 11087 | D:11     | Reached skill level 10 in Fighting
 11114 | D:11     | Reached XP level 12. HP: 96/106 MP: 8/11
 11136 | D:11     | Reached **** piety under Okawaru
 11152 | D:11     | Reached skill level 1 in Evocations
 11788 | D:11     | Noticed a two-headed ogre
 11796 | D:11     | Killed a two-headed ogre
 11969 | Lair:1   | Entered Level 1 of the Lair of Beasts
 12133 | Lair:1   | Reached skill level 12 in Shields
 12315 | Lair:1   | Reached ***** piety under Okawaru
 12394 | Lair:1   | Received a gift from Okawaru
 12867 | Lair:1   | Reached skill level 13 in Shields
 12898 | Lair:1   | Got Zaidoax's Elucidation of Misty Immolation
 13084 | Lair:2   | Identified the ring "Qoketoz" {rPois rCorr Str+4 Int+6
                  | Dex+3}
 13113 | Lair:2   | Reached skill level 5 in Dodging
 13127 | Lair:2   | Received a gift from Okawaru
 13128 | Lair:2   | Reached skill level 15 in Long Blades
 13128 | Lair:2   | Reached XP level 13. HP: 102/116 MP: 10/12
 13164 | Lair:2   | Reached skill level 14 in Shields
 13176 | Lair:2   | Found a dark tunnel.
 13186 | Volcano  | Entered a volcano
 13573 | Lair:2   | Identified the +1 pair of gloves of Wofyeg {rC+ Str+4}
 13642 | Lair:2   | Received a gift from Okawaru
 13904 | Lair:2   | Found a sacrificial altar of Ru.
 14264 | Lair:3   | Noticed Urug
 14274 | Lair:3   | Killed Urug
 14346 | Lair:3   | Noticed Gastronok
 14401 | Lair:3   | Reached skill level 15 in Shields
 14416 | Lair:3   | Killed Gastronok
 14602 | Lair:3   | Received a gift from Okawaru
 14615 | Lair:3   | Reached ****** piety under Okawaru
 14717 | Lair:3   | Found a staircase to the Snake Pit.
 14894 | Lair:3   | Found a staircase to the Shoals.
 16031 | D:5      | Bought a masterwork plate armour for 728 gold pieces
 16031 | D:5      | Identified the +0 plate armour "Deytam" {+Blink rElec rC+
                  | Dex+3} (You bought it in a shop on level 5 of the Dungeon)
 16178 | Orc:1    | Entered Level 1 of the Orcish Mines
 16258 | Orc:1    | Noticed an orc warlord
 16289 | Orc:1    | Killed an orc warlord
 16290 | Orc:1    | Reached XP level 14. HP: 126/129 MP: 12/14
 16625 | Orc:1    | Noticed Erica
 16647 | Orc:1    | Noticed Erolcha
 16656 | Orc:1    | Killed Erica
 16656 | Orc:1    | Received a gift from Okawaru
 16656 | Orc:1    | Noticed Harold
 16657 | Orc:1    | Reached skill level 16 in Shields
 16765 | D:9      | Killed Erolcha
 16795 | D:9      | Killed Harold
 17300 | Orc:2    | Entered Level 2 of the Orcish Mines
 17684 | Orc:2    | Found a staircase to the Elven Halls.
 18202 | Orc:2    | Received a gift from Okawaru
 18392 | Orc:2    | Found Ywuamiku's Antique Armour Shop.
 18392 | Orc:2    | Found Axyiqewy's General Store.
 18393 | Orc:2    | Found Cozuhous's Antique Weapon Boutique.
 18397 | Orc:2    | Found Xoceorpho's Weapon Shop.
 18418 | Orc:2    | Bought the +9 scimitar "Winahin" {heavy, *Rage rCorr SInv}
                  | for 936 gold pieces
 18718 | Lair:4   | Noticed Nessos
 18734 | Lair:4   | Killed Nessos
 18871 | Lair:4   | Reached skill level 17 in Shields
 19115 | Lair:4   | Received a gift from Okawaru
 19405 | Lair:5   | Entered Level 5 of the Lair of Beasts
 19802 | Lair:5   | Reached XP level 15. HP: 83/139 MP: 9/15
 19997 | Lair:5   | Received a gift from Okawaru
 20002 | Lair:5   | Reached skill level 18 in Shields
 20258 | Lair:5   | Found a staircase to the Slime Pits.
 20261 | Lair:5   | Found a viscous altar of Jiyva.
 20268 | Lair:5   | Noticed Sonja
 20283 | Lair:5   | Killed Sonja
 20759 | Lair:5   | Received a gift from Okawaru
 21103 | Lair:5   | Received a gift from Okawaru
 21204 | Lair:5   | Reached skill level 15 in Fighting
 21709 | D:6      | Killed Wertik's ghost
 21710 | D:6      | Reached skill level 19 in Shields
 21782 | D:7      | Killed pretsel's ghost
 22067 | D:13     | Found a gate to the Vaults.
 22398 | D:13     | Received a gift from Okawaru
 23253 | D:14     | Identified the +3 chain mail "Fausitil" {+Blink}
 23549 | D:15     | Entered Level 15 of the Dungeon
 23771 | D:15     | Found a shimmering blue altar of Sif Muna.
 24068 | D:15     | Found a staircase to the Depths.
 24511 | Snake:1  | Entered Level 1 of the Snake Pit
 24517 | Snake:1  | Received a gift from Okawaru
 24538 | Snake:1  | Reached skill level 15 in Armour
 24538 | Snake:1  | Noticed Rupert
 24549 | Snake:1  | Paralysed by Rupert for 3 turns
 24560 | Snake:1  | Killed Rupert
 24571 | Snake:1  | Reached XP level 16. HP: 37/141 MP: 0/16
 24579 | Lair:3   | Slain by a mana viper

Illustrated notes

Levels and vault maps discovered:
D:1:      matt_arrival_spirals, layout_loops_ring
D:2:      layout_basic
D:3:      minmay_bubble_buster, layout_loops_ring, amcnicky_altar_gilded,
          uniq_sigmund
D:4:      layout_gridville, trog_ov_bears_minmay, mainiacjoe_overflow_boulevard,
          minmay_misc_feat_doors, chequers_arboretum, hangedman_decor_riveting,
          columned_hall_lemuel, uniq_pikel, uniq_menkaure, uniq_duvessa
D:5:      layout_loops_corners, nicolae_ashenzari_panopticon, serial_shops,
          shop, nicolae_shop_window_shopping, nicolae_shop_crystal
D:6:      layout_rooms, mainiacjoe_overflow_cross_hatched,
          gammafunk_ghost_stat_death, serial_bayou_pond_d
D:7:      layout_cave_pools, minmay_temple_entry_antechambers,
          gammafunk_ghost_necromancy, uniq_prince_ribbit1
D:8:      layout_loops_corners, lemuel_round_altar
D:9:      cheibrodos_shockbox, layout_irregular_city, lemuel_doored_altar,
          okawaru_metal_pillars_1_2, nicolae_overflow_hidden_temple,
          david_orc_3, serial_shops, shop
D:10:     cheibrodos_two_vegetables, layout_basic, zin_academy,
          general_overflow_altar, hangedman_decor_points, minmay_pinched_square
D:11:     layout_basic, hellmonk_lair_entry_icy
D:12:     layout_basic
D:13:     layout_gridville, hellmonk_vaults_attempted_burglary,
          kennysheep_windowed_goal
D:14:     layout_rooms, nicolae_figureground_pulse
D:15:     hangedman_depths_entry_try_elsewhere_first, layout_loops_ring,
          serial_bayou_pond_d, led_sif_pool
Temple:   dpeg_chambers_temple
Lair:1:   lemuel_reptile_caves, layout_regular_city, grunt_megastairs_1
Lair:2:   layout_gridlike, nicolae_volcano_entry_hallway, basic_altar
Lair:3:   layout_cave_shapes, nicolae_shoals_entry_flooding, dummy_snake_entry,
          uniq_urug, uniq_gastronok
Lair:4:   layout_misc_corridors, uniq_nessos
Lair:5:   hangedman_lair_tendril_chambers, layout_cave_pods,
          hangedman_lair_caniforms_friends, nicolae_slime_entry_field_trip,
          grunt_forest_large_clearing_hut, uniq_sonja
Snake:1:  layout_concentric_octagons, minmay_shop_grove, uniq_rupert
Orc:1:    layout_caves, mines1_david, uniq_harold, uniq_erolcha, uniq_erica
Orc:2:    st_orc_mages, layout_diamond_mine

Skill      XL: |  1  2  3  4  5  6  7  8  9 10 11 12 13 14 15 |
---------------+----------------------------------------------+-----
Armour         | 4 5 6 7 9 10 11 12 13 15 | 15.0
Long Blades    | 3 5 6 8 10 12 13 14 15 16 17 | 17.2
Fighting       | 4 5 6 7 8 10 11 13 14 15 | 15.6
Shields        | 4 5 7 9 11 13 15 17 19 | 19.8
Dodging        | 1 2 5 6 7 |  7.3
Stealth        | 1 2 |  2.8
Invocations    | 1 2 |  2.0
Evocations     | 1 |  1.3

Action                     |  1- 3 |  4- 6 |  7- 9 | 10-12 | 13-15 | 16-18 || total
---------------------------+-------+-------+-------+-------+-------+-------++-------
  Melee: Long sword        |    73 |   100 |   286 |   655 |   412 |       ||  1526
         Headbutt          |    11 |    20 |    64 |   168 |   283 |     2 ||   548
         Scimitar          |       |       |       |       |   784 |     6 ||   790
 Invoke: Heroism           |       |       |       |     4 |     5 |       ||     9
  Evoke: Wand              |       |       |       |    12 |     2 |       ||    14
    Use: Scroll            |     5 |     4 |     4 |     7 |    14 |       ||    34
         Potion            |       |       |     3 |     1 |     5 |       ||     9
   Stab: Distracted        |       |       |       |     1 |       |       ||     1
 Armour: Scale mail        |    33 |       |       |       |       |       ||    33
         Plate armour      |    38 |   117 |   247 |   116 |   580 |    13 ||  1111
         Chain mail        |       |       |       |   270 |   119 |       ||   389
  Dodge: Dodged            |    24 |    30 |    58 |   261 |   802 |     8 ||  1183
  Block: Buckler           |    10 |    34 |    64 |     1 |       |       ||   109
         Kite shield       |       |       |       |   482 |  1253 |    11 ||  1746
